 Dungeon Crawl Stone Soup version 0.23.2-33-g5129a83184 (webtiles) character file.

Game seed: 4471987597362254935

140 Lawrees the Poker (level 5, -1/41 HPs)
             Began as a Merfolk Gladiator on July 2, 2019.
             Killed by divine providence
             ... invoked by an orc priest
              (12 damage)
             ... on level 3 of the Dungeon.
             The game lasted 00:11:14 (2381 turns).

Lawrees the Poker (Merfolk Gladiator)               Turns: 2381, Time: 00:11:14

Health: -1/41      AC:  4    Str: 15    XL:     5   Next: 23%
Magic:  5/5        EV: 14    Int:  8    God:
Gold:   126        SH:  0    Dex: 15    Spells: 4/4 levels left

rFire    . . .     SeeInvis .   a - +0 trident
rCold    . . .     Gourm    .   (no shield)
rNeg     . . .     Faith    .   b - +0 leather armour
rPois    .         Spirit   .   c - +0 helmet
rElec    .         Reflect  .   (no cloak)
rCorr    .         Harm     .   (no gloves)
MR       .....                  (no boots)
Stlth    +.........             (no amulet)
HPRegen  0.13/turn              (no ring)
MPRegen  0.09/turn              (no ring)

@: no status effects
A: change form in water, swift swim, stealthy swim
a: no special abilities


You were on level 3 of the Dungeon.
You were not hungry.

You visited 1 branch of the dungeon, and saw 3 of its levels.

You collected 126 gold pieces.

Inventory:

Hand Weapons
 a - a +0 trident (weapon)
Missiles
 d - 3 throwing nets
 e - 133 stones (quivered)
 n - 45 arrows
 p - 22 bolts
Armour
 b - a +0 leather armour (worn)
 c - a +0 helmet (worn)
Jewellery
 i - a +2 ring of strength {unknown}
 q - an uncursed ring of positive energy {unknown}
Wands
 x - a wand of iceblast (9)
Scrolls
 h - 3 scrolls of identify {unknown}
 j - a scroll of enchant armour {unknown}
 k - 2 scrolls of fog {unknown}
 s - a scroll of remove curse {unknown}
 v - a scroll of noise {unknown}
Potions
 l - a potion of curing {unknown}
 m - 2 potions of might {unknown}
 o - a potion of flight {unknown}
 r - a potion of degeneration {unknown}
 t - a potion of lignification {unknown}
 u - a potion of haste {unknown}
 w - a potion of magic {unknown}
 z - a potion of agility {unknown}
Comestibles
 f - 7 rations
 g - a chunk of flesh


   Skills:
 + Level 3.2 Fighting
 + Level 5.4 Polearms
 + Level 2.9 Throwing
 + Level 1.1 Armour
 + Level 5.0 Dodging


You had 4 spell levels left.
You didn't know any spells.
Your spell library was empty.

Dungeon Overview and Level Annotations

Branches:
Dungeon (3/15)

Altars:
Kikubaaqudgha


Message History

You puncture the orc priest!
The orc priest is almost dead.
The orc priest hits you with a +0 club.
You closely miss the orc priest.
The orc priest is almost dead.
The orc priest invokes the aid of Beogh against you.
Beogh smites you!
You barely miss the orc priest.
The orc priest is almost dead.
The orc priest hits you with a +0 club.
* * * LOW HITPOINT WARNING * * *
You hit the orc priest but do no damage.
The orc priest is almost dead.
The orc priest hits you with a +0 club.
* * * LOW HITPOINT WARNING * * *
You barely miss the orc priest.
The orc priest is almost dead.
The orc priest invokes the aid of Beogh against you.
Beogh smites you!
You die...

#.#.#.........
#.#.#.######.#
#####.#.#.# #.#
......#.#... # #.#
#####.#......#.#.#
# #
#.######...#.##.#
# #.. .....>....o#
# #### #######o# #
#.....#@######## #
#.###.#........#
##########.#
#.########.#
##.........#
#.......##.#
##.#########
#######.##.# ##.#
#.##.# ##.# #....#
##.####### ######
.........#


You could see an orc priest.

Vanquished Creatures
  3 gnolls (D:2)
  3 adders
  An ooze (D:2)
  2 worms
  A dart slug (D:3)
  A leopard gecko (D:3)
  4 orcs (D:3)
  3 giant cockroaches
  11 hobgoblins
  6 kobolds
  A quokka (D:2)
  2 ball pythons
  4 bats
  4 frilled lizards
  13 goblins
  7 rats
66 creatures vanquished.

Notes
Turn   | Place    | Note
-------+----------+-------------------------------------------
     0 | D:1      | Lawrees the Merfolk Gladiator began the quest for the Orb.
     0 | D:1      | Reached XP level 1. HP: 16/16 MP: 1/1
   245 | D:1      | Reached XP level 2. HP: 23/23 MP: 2/2
  1045 | D:2      | Reached XP level 3. HP: 28/28 MP: 3/3
  1182 | D:2      | Found a faded altar of an unknown god.
  1193 | D:2      | Reached skill level 5 in Polearms
  1300 | D:2      | Reached XP level 4. HP: 34/34 MP: 4/4
  1856 | D:2      | Found an ancient bone altar of Kikubaaqudgha.
  1994 | D:3      | Reached skill level 1 in Armour
  1994 | D:3      | Reached XP level 5. HP: 41/41 MP: 5/5
  2088 | D:3      | Reached skill level 5 in Dodging
  2381 | D:3      | Killed from afar by an orc priest

Skill      XL: |  1  2  3  4  5 |
---------------+----------------+-----
Polearms       | 5 |  5.4
Fighting       | 3 |  3.2
Armour         | 1 |  1.1
Dodging        | 5 |  5.0
Throwing       | |  2.9

Action                   |  1- 3 |  4- 6 || total
-------------------------+-------+-------++-------
Melee: Trident           |    89 |   132 ||   221
Throw: Stone             |    70 |    67 ||   137
 Stab: Sleeping          |       |     2 ||     2
  Eat: Chunk             |     1 |     4 ||     5
Armor: Leather armour    |    19 |    23 ||    42
Dodge: Dodged            |    50 |    74 ||   124
